[Event "NJSK 2018 Jeugd C"]
[Site "Assen, Netherlands"]
[Date "2018.05.03"]
[Round "7.3"]
[White "Shakhverdian, William"]
[Black "Elgersma, Onno"]
[Result "0-1"]
[TimeControl "40/90m+30sec/move"]
[WhiteElo "1777"]
[BlackElo "2060"]

1. e4 e6 2. d4 d5 3. exd5 exd5 4.
Bd3 Nc6 5. c3 Bd6 6. Nf3 Bg4 7. O-O Qf6 8. Qe1+ Nge7 9. Bg5 Qe6 10. Qxe6 fxe6 11. Nbd2 O-O 12. h3 Bxf3 13. Nxf3 Nf5 14.
Rae1 h6 15. Bd2 Rf6 16. Re2 g5 17. Rfe1 Ng7 18. Nh2 Bxh2+
19. Kxh2 Raf8 20. f3 Kf7 21.
b4 Ne8 22. b5 Na5 23. c4 Nxc4 24. Bxc4 dxc4 25. Rc1 Nd6 26. Bb4 Rf5 27. a4 Rc8 28. Rec2 Ne8 29. Rxc4 Rd5 30. Ba3 Rcd8 31.
Bb2 Rc8 32. Ba3 Rd7 33. f4 Nf6 34. fxg5 hxg5 35. Rf1 Kg6 36. Re1 Re8 37. Re5 Rh7 38. Kg3 Nd7 39. Re4 Nb6 40. Rc5 Nxa4 41.
Rce5 Nc3 42. Re3 Na4 43. Rxe6+ Rxe6 44. Rxe6+ Kf5 45. Re5+ Kf6 46. Bc1 Rh5 47. Kh2 Rh7 48. Bxg5+ Kf7 49.
h4 Nc3 50. Rc5 Ne4 51. Rxc7+ Kg6 52. Rxh7 Kxh7 53. Be7 a5 54. bxa6 bxa6 55. d5 Kg6 56. d6 Kf7 57. h5 a5 58.
h6 Nc5 59. Bd8 a4 60. Bb6 Nd7 61. g4 Nxb6 0-1

[Event "NJSK 2018 Jeugd C"]
[Site "Assen, Netherlands"]
[Date "2018.05.03"]
[Round "7.4"]
[White "Bleeker, Kasper"]
[Black "Maters, Arthur"]
[Result "1-0"]
[TimeControl "40/90m+30sec/move"]
[WhiteElo "1737"]
[BlackElo "1895"]

1. e4 c5 2. Nf3 d6 3. d4 cxd4 4. Nxd4 Nf6 5. Nc3 a6 6. Bg5 e6 7. f4 h6 8. Bh4 Qb6 9. Qd2 Qxb2 10.
Rb1 Qa3 11. e5 dxe5 12. fxe5 Nfd7 13. Ne4 Qxa2 14. Rd1 Qd5 15. Qe3 Qxe5 16. Be2 Bc5 17. Bg3 Bxd4 18. Rxd4 Qa5+ 19. Rd2 O-O 20.
Bd6 Re8 21. Qg3 Qa4 22. Bd3 f5 23. Qg6 Rf8 24. Qxe6+ Kh8 25. Bxf8 fxe4 26. Bc4 Nf6 27. Bxg7 Kh7 28. Qxf6 Qxc4 29.
Qxh6 Kg8 30. Rd8+ Kf7 31. Qf6# 1-0

[Event "NJSK 2018 Jeugd C"]
[Site "Assen, Netherlands"]
[Date "2018.05.03"]
[Round "7.5"]
[White "Klaren, Duncan"]
[Black "Boghossian, Wahe"]
[Result "1-0"]
[TimeControl "40/90m+30sec/move"]
[WhiteElo "1713"]
[BlackElo "1748"]

1. e4 e5 2. Nf3 Nc6 3. d4 exd4 4. Nxd4 Nf6 5. Nxc6 bxc6 6. e5 Nd5 7. c4 Nb6 8. Nd2 Be7 9. b3 O-O 10.
Bb2 Re8 11. Bd3 Bf6 12. O-O Bxe5 13. Bxh7+ Kf8 14. Bxe5 Rxe5 15. Nf3 Rh5 16. Be4 d5 17. Bc2 Qd6 18. Re1 dxc4 19. bxc4 Be6 20.
Bb3 Qf4 21. Qe2 a5 22. Rad1 c5 23. h3 Bxh3 24. gxh3 Rxh3 25. Qe7+ Kg8 26. Rd8+ Rxd8 27. Qxd8+ Kh7 28. Ng5 Kg6 29.
Bc2+ f5 30. Re6+ Kh5 31. Qh8 Kxg5 32. Qxg7+ Kh5 33. Qh7 Kg4 34. Rg6+ Kf3 35. Qxh3+ Ke2 36. Qd3+ Ke1 37. Qd1# 1-0

[Event "NJSK 2018 Jeugd C"]
[Site "Assen, Netherlands"]
[Date "2018.05.03"]
[Round "7.6"]
[White "Van der Hagen, Loek"]
[Black "Brandsma, Romayn"]
[Result "0-1"]
[TimeControl "40/90m+30sec/move"]
[WhiteElo "1815"]
[BlackElo "1715"]

1. e4 e5 2. Nf3 Nc6 3. Bb5 a6 4. Ba4 Nf6 5. O-O Be7 6. Re1 b5 7. Bb3 d6 8. c3 O-O 9. h3 Nb8 10.
d4 Nbd7 11. Nbd2 Bb7 12. Bc2 Re8 13. Nf1 Bf8 14. Ng3 g6 15. a4 Bg7 16. Bg5 h6 17. Be3 c5 18. d5 c4 19. Qd2 Kh7 20.
Ra3 Qc7 21. Rea1 Reb8 22. Qd1 Bf8 23. R1a2 Nc5 24. Qa1 bxa4 25. Bxc5 Qxc5 26. Rxa4 Nd7 27. Nd2 Nb6 28. Ra5 Qc7 29.
Ngf1 Be7 30. Bd1 Bg5 31. Be2 Rc8 32. Nf3 Be7 33. Ne3 Bg5 34. Nxg5 hxg5 35. Ng4 Kg7 36. Qc1 f6 37. h4 Qe7 38.
hxg5 fxg5 39. f3 Rh8 40. Qe3 Qd8 41. R5a3 Rh7 42. b3 Bc8 43. bxc4 Bxg4 44. fxg4 Qh8 45. Qd3 Rf8 46. Bf3 Rh1+ 47.
Kf2 Qh4+ 48. Ke3 Qe1+ 49. Be2 Qg1+ 50. Kd2 Qc1# 0-1

[Event "NJSK 2018 Jeugd C"]
[Site "Assen, Netherlands"]
[Date "2018.05.03"]
[Round "7.7"]
[White "Yeh, Timo"]
[Black "Bartels, Vladimir"]
[Result "1/2-1/2"]
[TimeControl "40/90m+30sec/move"]
[WhiteElo "1729"]
[BlackElo "1757"]

1. d4 Nf6 2. Nf3 e6 3. c4 b6 4. Nc3 Bb4 5. Bd2 Bb7 6. e3 O-O 7. Bd3 c5 8. O-O cxd4 9. exd4 d5 10.
a3 Bxc3 11. Bxc3 dxc4 12. Bxc4 Nc6 13. Re1 Rc8 14. Bb3 Nd5 15. Rc1 Qd6 16. Ng5 h6 17. Ne4
Qd7 18. Ba4 Qe7 19. Ng3 Nxc3 20. Rxc3 Qd6 21. Bxc6 Bxc6 22. Qg4 Rfd8 23. Rec1 Qd5 1/2-1/2

[Event "NJSK 2018 Jeugd C"]
[Site "Assen, Netherlands"]
[Date "2018.05.03"]
[Round "7.8"]
[White "Cchung, Nyuk Lyn"]
[Black "Labruyere, Roger"]
[Result "1/2-1/2"]
[TimeControl "40/90m+30sec/move"]
[WhiteElo "1796"]
[BlackElo "1665"]

1. e4 c6 2. d4 d5 3. Nc3 dxe4 4. Nxe4 Bf5 5. Ng3 Bg6 6. h4 h6 7. Nf3 Nd7 8. h5 Bh7 9.
Bd3 Bxd3 10. Qxd3 e6 11. Bd2 Qc7 12. O-O-O O-O-O 13. Kb1 Ngf6 14. Ne4 Nxe4 15. Qxe4 Nf6 16. Qe2 Bd6 17.
c4 c5 18. Bc3 Qe7 19. Ne5 Nd7 20. Nxd7 Rxd7 21. dxc5 Bxc5 22. Bxg7 Rg8 23. Bxh6 Rxg2 24. Be3 Bxe3 25. Qxe3 Rh2 26.
Rxh2 Rxd1+ 27. Kc2 Qd6 28. f4 Rf1 29. Rd2 Qc7 30. Qd4 b5 31. Qe4 Kb8 32. Rg2 Qxf4 33. Qxf4+ Rxf4 34. Rh2 Rxc4+ 35. Kb3 Kb7 36. h6 Rc8 37. h7 Rh8 38. Rh5 Kb6 39. Kc3 Kc6 40. Kd4 Kd6 41. b4 f6 42. Ke4 a6 43. Kd4 f5 44.
Rh6 Ke7 45. Ke5 Kf7 46. a3 Kg7 47. Rxe6 Kxh7 48. Rxa6 Rf8 49. Kf4 Kg7 50. Ra5 Kf6 51. Rxb5 Ke6 52. a4 Kd6 53. Rxf5 Rb8 54.
b5 Ra8 55. Rf6+ Kc7 56. Rc6+ Kb7 57. Rc4 Kb6 58. Ke4 Rd8 59. Ke5 Re8+ 60. Kd6 Rd8 61. Ke7 Rd1 62. Rc6+ Kb7 63. a5 Rd5 64.
Rb6+ Kc7 65. Ke6 Rc5 66. Kf6 Rd5 67. Ke7 Rc5 68. Ke6 Rh5 69. Kf7 Rc5 70. Ke6 Rh5 71. Rc6+ Kb7 72. a6+ Ka7 73.
Rc7+ Kb8 74. Rb7+ Ka8 75. Kd6 Rh6+ 76. Kc5 Rc6+ 77. Kb4 Rc4+ 78. Kb3 Rc3+ 79. Ka4 Ra3+ 80. Kb4 Ra4+ 81. Kc5 Rc4+ 82.
Kd6 Rc6+ 83. Ke7 Re6+ 84. Kd8 Re8 85. Kxe8 1/2-1/2

[Event "NJSK 2018 Jeugd C"]
[Site "Assen, Netherlands"]
[Date "2018.05.03"]
[Round "7.9"]
[White "Van Foreest, Nanne"]
[Black "Van der Schaaf, Tristan"]
[Result "0-1"]
[TimeControl "40/90m+30sec/move"]
[WhiteElo "1482"]
[BlackElo "1647"]

1. e4 c6 2. c4 d5 3. exd5 cxd5 4. cxd5 Qxd5 5. Nc3 Qd8 6. Nf3 Nf6 7. d4 e6 8. Bg5 Be7 9. Bd3 Nc6 10.
O-O O-O 11. Rc1 Nd5 12. Bxe7 Ncxe7 13. Ne4 Bd7 14. Ne5 Bc6 15. Ng5 g6 16. Qf3 Nf5 17. Ngxf7 Rxf7 18. Nxf7 Kxf7 19. g4 Nb4 20.
Rxc6 Nxc6 21. gxf5 Qg5+ 22. Kh1 exf5 23. Qd5+ Kf8 24. Bc4 Nd8 25. Qg8+ Ke7 26. Re1+ Kd7 27. Qe8+ Kc8 28. Be6+ Kb8 29.
f4 Qh4 30. Rc1 a6 31. Qd7 Ka7 32. Qd6 Nxe6 33. Qxe6 Qxf4 34. Qc4 Rd8 35. Qc5+ Ka8 36. Rc4 Qf1 0-1

[Event "NJSK 2018 Jeugd C"]
[Site "Assen, Netherlands"]
[Date "2018.05.03"]
[Round "7.10"]
[White "Franke, Daniel"]
[Black "Catalan, Ciro"]
[Result "1-0"]
[TimeControl "40/90m+30sec/move"]
[WhiteElo "1298"]
[BlackElo "1503"]

1. d4 d5 2. c4 c6 3.
Nf3 Nf6 4. Nc3 Bf5 5. Bf4 e6 6. e3 Nbd7 7. Bd3 Bxd3 8. Qxd3 Nh5 9. Bg3 Nxg3 10. fxg3 dxc4 11. Qxc4 Nf6 12. O-O Be7 13.
e4 O-O 14. Ne5 Rc8 15. Rad1 b5 16. Qb3 b4 17. Ne2 Nxe4 18. Qa4 Qc7 19. Rc1 c5 20. Qc2 Qb7 21. Qa4 f6 22. Nd7 Rfd8 23.
Nxc5 Nxc5 24. dxc5 Bxc5+ 25. Kh1 Be7 26. Rxc8 Rxc8 27. Nf4 Kf7 28. Re1 Qb6 29. Qd7 Rc6 30. Nd5 exd5 31. Rxe7+ Kg6 32.
Rxg7+ 1-0

[Event "NJSK 2018 Jeugd C"]
[Site "Assen, Netherlands"]
[Date "2018.05.03"]
[Round "7.11"]
[White "Albers, Sasa"]
[Black "Torensma, Christian"]
[Result "1-0"]
[TimeControl "40/90m+30sec/move"]
[WhiteElo "1336"]
[BlackElo "1455"]

1. e4 e6 2. d4 d5 3. exd5 exd5 4. Bd3 Nf6 5. h3 Bd6 6. Nf3 O-O 7. O-O Be6 8. Be3 Re8 9. Re1 Nc6 10.
c3 h6 11. Qc1 Qd7 12. Bf4 Bxf4 13. Qxf4 Qd8 14. g4 Nh7 15. Nbd2 g5 16. Qg3 Rc8 17. Ne5 Nxe5 18. Rxe5 Qd6 19.
Qf3 c6 20. Nf1 Qd8 21. Bxh7+ Kxh7 22. Rae1 Rg8 23. Ng3 Rg6 24. Nh5 Rc7 25. Qd3 Qc8 26. f4 Bxg4 27. Nf6 1-0

[Event "NJSK 2018 Jeugd C"]
[Site "Assen, Netherlands"]
[Date "2018.05.03"]
[Round "7.12"]
[White "Roebers, Eline"]
[Black "Tiggelman, Vincent"]
[Result "1-0"]
[TimeControl "40/90m+30sec/move"]
[WhiteElo "1961"]
[BlackElo "1394"]

1. e4 c6 2. Nc3 d5 3. Nf3 dxe4 4. Nxe4 Bf5 5. Ng3 Bg6 6. h4 h6 7. Ne5 Bh7 8. Qf3 Qd5 9. Qxd5 cxd5 10.
Bb5+ Nc6 11. Nxc6 a6 12. Ba4 b5 13. Bb3 e6 14. Ne5 Nf6 15. O-O Bd6 16. d4 O-O 17. c3 Rac8 18. Be3 Rfd8 19.
Rac1 Bf8 1-0

[Event "NJSK 2018 Jeugd C"]
[Site "Assen, Netherlands"]
[Date "2018.05.04"]
[Round "8.1"]
[White "Van Foreest, Machteld"]
[Black "Klaren, Duncan"]
[Result "1-0"]
[TimeControl "40/90m+30sec/move"]
[WhiteElo "2132"]
[BlackElo "1713"]

1. e4 c5 2. Nf3 d6 3. d4 cxd4 4. Nxd4 Nf6 5. Nc3 a6 6. Bg5 e6 7. f4 h6 8. Bh4 Qb6 9. Qd2 Qxb2 10.
Rb1 Qa3 11. Bxf6 gxf6 12. Be2 h5 13. O-O Nd7 14. Kh1 Nc5 15. f5 Be7 16. fxe6 fxe6 17. Nb3 Nxb3 18. Rxb3 Qc5 19. Na4 Qg5 20.
Qc3 Bd7 21. Nb6 Rd8 22. Qc7 Bc6 23. Rg3 Qh6 24. Bxa6 h4 25. Rg4 h3 26. Bxb7 hxg2 27. Rxg2 Bxb7 28. Qxb7 Kf7 29. Rfg1 Rdg8 30.
Nd5 1-0

[Event "NJSK 2018 Jeugd C"]
[Site "Assen, Netherlands"]
[Date "2018.05.04"]
[Round "8.2"]
[White "Bleeker, Kasper"]
[Black "Kutchoukov, Daniel"]
[Result "0-1"]
[TimeControl "40/90m+30sec/move"]
[WhiteElo "1737"]
[BlackElo "1902"]

1. e4 c6 2. c4 d5 3. exd5 cxd5 4.
cxd5 Nf6 5. Qa4+ Nbd7 6. Nc3 g6 7. Nf3 Bg7 8. Bc4 O-O 9. d3 a6 10. O-O b5 11. Bxb5 Nb6 12. Qb3 axb5 13.
d6 Qxd6 14. Nxb5 Qd5 15. Nbd4 Qxb3 16. Nxb3 Nfd5 17. d4 Ba6 18. Re1 Bc4 19. Nfd2 Rfb8 20. a3 Bxb3 21. Nxb3 Nc4 22. Nc5 Bxd4 23.
Nd7 Rd8 24. Rd1 e5 0-1

[Event "NJSK 2018 Jeugd C"]
[Site "Assen, Netherlands"]
[Date "2018.05.04"]
[Round "8.3"]
[White "Elgersma, Onno"]
[Black "Pham, Khoi"]
[Result "0-1"]
[TimeControl "40/90m+30sec/move"]
[WhiteElo "2060"]
[BlackElo "1983"]

1. e4 c5 2. Nf3 d6 3. d4 cxd4 4. Nxd4 Nf6 5. Nc3 a6 6. h3 e5 7. Nde2 h5 8. Bg5 Be6 9. Bxf6 Qxf6 10.
Nd5 Qd8 11. Qd3 g6 12. g3 Bh6 13. Bg2 Nd7 14. Nec3 b5 15. O-O Rc8 16. a3 O-O 17. Qe2 Nb6 18. Rfd1 Nc4 19. b3 Na5 20.
a4 Nc6 21. axb5 Nd4 22. Qd3 Bxd5 23. Nxd5 axb5 24. c3 Nxb3 25. Ra3 Nc5 26. Qxb5 Rb8 27. Qc6 Kg7 28. Ra7 Rb2 29. Nc7 Qf6 30.
f3 Be3+ 31. Kh1 Nxe4 32. Qxe4 Bxa7 33. Nd5 Qg5 34. f4 Qxg3 35. fxe5 dxe5 36. Nb4 Rc8 37. Nc6 Bb6 38. Ne7 Rxc3 0-1

[Event "NJSK 2018 Jeugd C"]
[Site "Assen, Netherlands"]
[Date "2018.05.04"]
[Round "8.4"]
[White "Maters, Arthur"]
[Black "Shakhverdian, William"]
[Result "0-1"]
[TimeControl "40/90m+30sec/move"]
[WhiteElo "1895"]
[BlackElo "1777"]

1. e4 e5 2. Nf3 Nc6 3. Bc4 Bc5 4.
c3 Nf6 5. d3 d6 6. Bb3 O-O 7. h3 a5 8. Bg5 Be6 9. Bc2 h6 10. Bh4 g5 11. Bg3 Nh5 12. Bh2 Qf6 13. Nbd2 Nf4 14.
Bxf4 gxf4 15. g4 Kg7 16. Rg1 Rh8 17. g5 hxg5 18. Nxg5 Kf8 19. Nxe6+ Qxe6 20. Qe2 Ke7 21. Bb3 Qxh3 22.
Nf3 Rag8 23. O-O-O Qh5 24. Rxg8 Rxg8 25. d4 exd4 26. cxd4 Bb6 27. Qd3 Nb4 28. Qc4 Rg7 29. Qc3 Rg2 30.
e5 Rxf2 31. exd6+ Kxd6 32. Ne5 Rc2+ 33. Qxc2 Nxc2 34. Nxf7+ Ke7 35. Kxc2 Qe2+ 36. Rd2 Qe4+ 37. Kc3 Qe3+ 38. Rd3 Qc1+ 39.
Bc2 Kxf7 0-1

[Event "NJSK 2018 Jeugd C"]
[Site "Assen, Netherlands"]
[Date "2018.05.04"]
[Round "8.5"]
[White "Brandsma, Romayn"]
[Black "Van der Schaaf, Tristan"]
[Result "1-0"]
[TimeControl "40/90m+30sec/move"]
[WhiteElo "1715"]
[BlackElo "1647"]

1. e4 c6 2. Nf3 d5 3. exd5 cxd5 4. Ne5 Nc6 5. d4 a6 6. Nc3 Bf5 7. h4 h5 8. Be2 Nf6 9. Bg5 e6 10.
Bxf6 Qxf6 11. Nxc6 bxc6 12. g3 g6 13. Na4 Bd6 14. c3 Qd8 15. Nc5 Qb6 16. b4 Bxc5 17. dxc5 Qc7 18. a4 O-O 19.
a5 Qe5 20. Qd2 Bg4 21. Rc1 Rfd8 22. Qe3 Qxe3 23. fxe3 Bxe2 24. Kxe2 e5 25. Rhd1 Kf8 26. Rd2 Ke7 27. Rcd1 Ke6 28.
c4 Rab8 29. cxd5+ cxd5 30. Rb2 Rb5 31. Kd3 f5 32. Kc3 Rd7 33. Kb3 Rc7 34. Ka3 Rd7 35. Rbd2 Rd8 36. c6 Rc8 37. Rc2 Kd6 38.
Rdc1 Rc7 39. Rc3 Rb8 40. Rc5 Rd8 41. Rd1 Ke6 42. Ka4 1-0

[Event "NJSK 2018 Jeugd C"]
[Site "Assen, Netherlands"]
[Date "2018.05.04"]
[Round "8.6"]
[White "Nguyen, Lucas"]
[Black "Yeh, Timo"]
[Result "1-0"]
[TimeControl "40/90m+30sec/move"]
[WhiteElo "1919"]
[BlackElo "1729"]

1. e4 e5 2. Nf3 Nc6 3. d4 exd4 4. Nxd4 Bc5 5. Nb3 Bb6 6. Nc3 Nf6 7. Qe2 O-O 8. Be3 d5 9. O-O-O d4 10.
Bg5 h6 11. Bh4 Re8 12. f3 Be6 13. g4 Bxb3 14. axb3 Qd6 15. Kb1 Qe6 16. Na4 Ne5 17. Qg2 Rad8 18. Bd3 c5 19. g5 hxg5 20.
Bxg5 Rd6 21. Bb5 Rc8 22. f4 Neg4 23. e5 d3 24. Bxd3 Rdd8 25. exf6 Ne3 26. Qf3 Nxd1 27. Rxd1 g6 28.
f5 Rxd3 29. Qxd3 Qxf5 30. Qxf5 gxf5 31. Nxb6 axb6 32. Rg1 Kh7 33. Bf4 Rc6 34. Rg7 Kh8 35. Rxf7 Kg8 36. Rxb7 Rxf6 37. c3 Kf8 38. Kc2 Ke8 39. Kd3 Re6 40. Bc7 Kd7 41.
Rxb6 Re1 42. Bg3 Rf1 43. Ke2 Rb1 44. Rd6+ Ke7 45. Rd2 Kf6 46. Bf4 Rg1 47. Be3 Rg8 48. Bxc5 f4 49. Kf3 Ke5 50.
Bd6+ 1-0

[Event "NJSK 2018 Jeugd C"]
[Site "Assen, Netherlands"]
[Date "2018.05.04"]
[Round "8.7"]
[White "Boghossian, Wahe"]
[Black "Bartels, Vladimir"]
[Result "1-0"]
[TimeControl "40/90m+30sec/move"]
[WhiteElo "1748"]
[BlackElo "1757"]

1. e4 e5 2. Nf3 Nc6 3. d4 exd4 4. Bc4 Bc5 5. c3 dxc3 6. Bxf7+ Kxf7 7. Qd5+ Ke8 8. Qxc5 d6 9. Qxc3 Nf6 10.
Nbd2 h6 11. O-O Be6 12. Re1 Kf7 13. Nb3 Re8 14. h3 d5 15. Nc5 b6 16. Na6 Qd7 17. Qxc6 Qxc6 18. Ne5+ Ke7 19. Nxc6+ Kd6 20.
e5+ Kxc6 21. exf6 gxf6 22. Bf4 1-0

[Event "NJSK 2018 Jeugd C"]
[Site "Assen, Netherlands"]
[Date "2018.05.04"]
[Round "8.8"]
[White "Roebers, Eline"]
[Black "Cchung, Nyuk Lyn"]
[Result "1/2-1/2"]
[TimeControl "40/90m+30sec/move"]
[WhiteElo "1961"]
[BlackElo "1796"]

1. e4 c5 2. Nf3 d6 3. Nc3 Nf6 4. e5 dxe5 5. Nxe5 e6 6. g3 Bd6 7. Nc4 Nc6 8. Bg2 O-O 9. O-O Ne5 10.
d3 Nxc4 11. dxc4 Qe7 12. Qe2 h6 13. Be3 a6 14. a4 Rb8 15. Rfd1 Rd8 16. Rd2 Bd7 17. Rad1 Be5 18. Bf4 Bxf4 19.
gxf4 Re8 20. b3 Bc6 21. Bxc6 bxc6 22. Ne4 Nxe4 23. Qxe4 e5 24. fxe5 Qg5+ 25. Kh1 Rxe5 26. Rd8+ Rxd8 27.
Rxd8+ Qxd8 28. Qxe5 Qd1 29. Kg2 Qg4+ 30. Kf1 Qd1+ 31. Kg2 Qg4+ 32. Kf1 Qd1+ 33. Kg2 1/2-1/2

[Event "NJSK 2018 Jeugd C"]
[Site "Assen, Netherlands"]
[Date "2018.05.04"]
[Round "8.9"]
[White "Labruyere, Roger"]
[Black "Van der Hagen, Loek"]
[Result "1-0"]
[TimeControl "40/90m+30sec/move"]
[WhiteElo "1665"]
[BlackElo "1815"]

1. e4 c5 2. c3 d5 3. exd5 Qxd5 4. Nf3 Nf6 5. d4 Bg4 6. Be2 Nc6 7. Be3 cxd4 8. cxd4 e6 9. Nc3 Qd8 10.
h3 Bh5 11. O-O Be7 12. Qb3 Qc7 13. Nb5 Qd7 14. Rfd1 Nd5 15. Rac1 O-O 16. Na3 Na5 17. Qb5 Qxb5 18. Nxb5 Nc6 19.
Kf1 f6 20. g4 Bg6 21. Bc4 Rad8 22. Bxd5 exd5 23. a3 a6 24. Nc7 Kf7 25. Nxa6 Nxd4 26. Nxd4 bxa6 27. Nc6 Rd6 28. Nxe7 Kxe7 29.
Bc5 Rb8 30. Rxd5 Rbb6 31. Rxd6 Rxd6 32. Rd1 1-0

[Event "NJSK 2018 Jeugd C"]
[Site "Assen, Netherlands"]
[Date "2018.05.04"]
[Round "8.10"]
[White "Franke, Daniel"]
[Black "Albers, Sasa"]
[Result "1/2-1/2"]
[TimeControl "40/90m+30sec/move"]
[WhiteElo "1298"]
[BlackElo "1336"]

1. d4 d5 2. c4 c6 3. Nc3 Nf6 4.
Nf3 e6 5. Bg5 Be7 6. e3 O-O 7. Bd3 Nbd7 8. O-O h6 9. Bf4 Nh5 10. Ne2 Nxf4 11. Nxf4 Bd6 12. Ne2 Re8 13. Qc2 Nf6 14.
Nc3 Bd7 15. e4 dxe4 16. Nxe4 Nxe4 17. Bxe4 e5 18. dxe5 Bxe5 19. Nxe5 Rxe5 20. Rfe1 Qe7 21. Bh7+ Kh8 22. Rxe5 Qxe5 23.
Bd3 Re8 24. h3 Qg5 25. Kh1 Qh4 26. Kh2 c5 27. Rd1 Bc6 28. Qd2 1/2-1/2

[Event "NJSK 2018 Jeugd C"]
[Site "Assen, Netherlands"]
[Date "2018.05.04"]
[Round "8.11"]
[White "Torensma, Christian"]
[Black "Van Foreest, Nanne"]
[Result "1/2-1/2"]
[TimeControl "40/90m+30sec/move"]
[WhiteElo "1455"]
[BlackElo "1482"]

1. e4 e5 2. Nf3 Nc6 3. Bb5 Nf6 4. O-O Nxe4 5. Qe2 Nd6 6. Bxc6 dxc6 7. Qxe5+ Be6 8. Nd4 Qd7 9. Nxe6 fxe6 10.
Re1 Kf7 11. d3 Be7 12. Nd2 Bf6 13. Qh5+ g6 14. Qe2 Rae8 15. Nf3 Kg7 16. Qe3 Nf5 17. Qxa7 Ra8 18. Qc5 Ra4 19. Ne5 Qd4 20.
Qc3 Rha8 21. a3 Qxc3 22. bxc3 R8a5 23. f4 g5 1/2-1/2

[Event "NJSK 2018 Jeugd C"]
[Site "Assen, Netherlands"]
[Date "2018.05.04"]
[Round "8.12"]
[White "Tiggelman, Vincent"]
[Black "Catalan, Ciro"]
[Result "1-0"]
[TimeControl "40/90m+30sec/move"]
[WhiteElo "1394"]
[BlackElo "1503"]

1. e4 c5 2. Nc3 d6 3. Bc4 Nf6 4. d3 a6 5. a3 e6 6. f4 d5 7. Ba2 dxe4 8. dxe4 Qxd1+ 9. Kxd1 b5 10.
e5 Bb7 11. Nf3 Ng4 12. Ke2 Nh6 13. Be3 Nf5 14. Bf2 Nc6 15. Rad1 h5 16. Ne4 Ncd4+ 17. Nxd4 Nxd4+ 18. Bxd4 Bxe4 19.
Bf2 Bxg2 20. Rhg1 Bc6 21. Bh4 g6 22. Bf6 Rg8 23. f5 c4 24. Rd2 Be7 25. Bxe7 Kxe7 26. f6+ Ke8 27. Rd6 Bd5 28.
c3 g5 29. Bb1 Ra7 30. Bh7 Rh8 31. Bc2 g4 32. Ke3 Rg8 33. Bh7 Rh8 34. Bc2 Ra8 35. Kf4 Bb7 36. Rgd1 Bd5 37. Rg1 Bf3 38.
Be4 Bxe4 39. Kxe4 Rg8 40. Kf4 Rg6 41. h3 gxh3 42. Rxg6 fxg6 43. Kg3 Kf7 44. Rd7+ Ke8 45. Re7+ Kf8 46.
Rxe6 Rd8 47. Rd6 Rxd6 48. exd6 Ke8 49. Kxh3 g5 50. Kg3 g4 51. Kh4 a5 52. Kg3 1-0

[Event "NJSK 2018 Jeugd C"]
[Site "Assen, Netherlands"]
[Date "2018.05.05"]
[Round "9.1"]
[White "Brandsma, Romayn"]
[Black "Van Foreest, Machteld"]
[Result "0-1"]
[TimeControl "40/90m+30sec/move"]
[WhiteElo "1715"]
[BlackElo "2132"]

1. e4 e5 2. Nf3 Nc6 3. Bc4 Bc5 4. Nc3 Nf6 5. d3 d6 6. Bg5 h6 7. Bxf6 Qxf6 8. Nd5 Qd8 9. c3 Ne7 10.
Nxe7 Qxe7 11. a4 a5 12. Qc2 Bg4 13. Qb3 Bxf3 14. Qxb7 O-O 15. gxf3 Rab8 16. Qd5 Bxf2+ 17. Kf1 Rxb2 18. d4 Qh4 19. h3 Be3 0-1

[Event "NJSK 2018 Jeugd C"]
[Site "Assen, Netherlands"]
[Date "2018.05.05"]
[Round "9.2"]
[White "Kutchoukov, Daniel"]
[Black "Boghossian, Wahe"]
[Result "1/2-1/2"]
[TimeControl "40/90m+30sec/move"]
[WhiteElo "1902"]
[BlackElo "1748"]

1. e4 c5 2. Nc3 d6 3. Bb5+ Nc6 4. Bxc6+ bxc6 5. f4 g6 6. Nf3 Bg7 7. O-O e6 8. d3 Ne7 9. Qe1 O-O 10. Kh1 d5 11. Na4 c4 12.
dxc4 Ba6 13. e5 Bxc4 14. Rf2 Nf5 15. b3 Bb5 16. Nc5 a5 17. a4 Ba6 18. Qd2 Re8 19. Bb2 Bf8 20. Ba3 Ra7 21.
g4 Nh6 22. Rg1 Qb6 23. Qc3 f5 24. exf6 Nf7 25. Re1 Nd6 26. Nd4 Ne4 27. Nxe4 Bxa3 28. Qxc6 Qxc6 29. Nxc6 dxe4 30. Nxa7 Bc5 31. Rd2 Bxa7 32.
Rd7 Ra8 33. Rxe4 Bc8 34. Rg7+ Kf8 35. Rc4 Bb6 36. Rxh7 Kg8 37. Rg7+ Kf8 38. h4 Rb8 39. h5 Ba6 40. Rc6 Bb7 41.
Rxb7 Rxb7 42. hxg6 Rb8 43. Rxe6 Bc5 44. g5 Rd8 45. f7 Rd1 46. Kg2 Kg7 47. f5 Rg1+ 48. Kf3 Rxg5 49. Kf4 Rg1 50.
Re8 Rf1+ 51. Ke5 Bf8 52. f6+ Rxf6 53. b4 Rxg6 54. Kf5 Rf6+ 55. Ke5 Rxf7 56. b5 Rf2 57. Kd5 Rxc2 58. b6 Rd2+ 59.
Kc6 Rd6+ 60. Kc7 Rd3 61. b7 Bd6+ 62. Kc6 Bf4 63. b8=Q Bxb8 64. Rxb8 Rc3+ 65. Kd5 Ra3 66. Rb7+ Kf6 67. Rb6+ Kf5 68. Kc5 Rxa4 69.
Kb5 Rb4+ 70. Kxa5 Rxb6 71. Kxb6 1/2-1/2

[Event "NJSK 2018 Jeugd C"]
[Site "Assen, Netherlands"]
[Date "2018.05.05"]
[Round "9.3"]
[White "Shakhverdian, William"]
[Black "Pham, Khoi"]
[Result "1-0"]
[TimeControl "40/90m+30sec/move"]
[WhiteElo "1777"]
[BlackElo "1983"]

1. e4 c5 2. Nf3 d6 3. Nc3 a6 4. d4 cxd4 5. Nxd4 Nf6 6. f3 e6 7. Be3 b5 8. a3 Nbd7 9. Be2 Bb7 10.
Qd2 Rc8 11. g4 Nb6 12. O-O-O d5 13. e5 Nfd7 14. f4 b4 15. Na2 bxa3 16. b3 Nc5 17. Bf3 Qc7 18. Kb1 Ne4 19. Bxe4 dxe4 20.
Nxe6 fxe6 21. Bxb6 e3 22. Qd3 Qc6 23. Rhe1 Be7 24. Bxe3 O-O 25. Rd2 Rfd8 26. Qe2 a5 27. Red1 Ba6 28.
Rxd8+ Bxd8 29. Qd2 a4 30. Nb4 Qb7 31. Qd6 axb3 32. Qxe6+ Qf7 33. Qxf7+ Kxf7 34. cxb3 Bb5 35. Rc1 Rb8 36.
Ka2 Ra8 37. Nc6 Bxc6 38. Rxc6 Ba5 39. e6+ Ke7 40. Bc5+ Ke8 41. b4 Bd8 42. e7 Bxe7 43. Re6 1-0

[Event "NJSK 2018 Jeugd C"]
[Site "Assen, Netherlands"]
[Date "2018.05.05"]
[Round "9.4"]
[White "Nguyen, Lucas"]
[Black "Elgersma, Onno"]
[Result "0-1"]
[TimeControl "40/90m+30sec/move"]
[WhiteElo "1919"]
[BlackElo "2060"]

1. e4 e6 2. d4 d5 3. Nd2 Nf6 4. Bd3 c5 5. c3 Nc6 6. Ngf3 Be7 7. O-O O-O 8. Bb1 cxd4 9. cxd4 dxe4 10.
Nxe4 Qb6 11. b3 Rd8 12. Be3 Nd5 13. Qe2 f5 14. Neg5 Bf6 15. Qc4 h6 16. Nh3 g5 17. Ne1 g4 18.
Bxf5 exf5 19. Nf4 Na5 20. Nxd5 Nxc4 21. Nxb6 Nxb6 22. Bxh6 Bxd4 23. Rc1 Be6 24. Nc2 Be5 25. Rfe1 Nd7 26.
h3 Kf7 27. hxg4 fxg4 28. Be3 Rac8 29. Nd4 Rxc1 30. Rxc1 Bxd4 31. Bxd4 Bd5 32. Be3 Kg6 33. Bxa7 Ra8 34. Rd1 Bc6 35. Be3 Rxa2 36. Rd4 Nf6 37.
Rf4 g3 38. Bd4 Nh5 39. Rg4+ Kf5 40. Rh4 Kg5 41. fxg3 Rxg2+ 0-1

[Event "NJSK 2018 Jeugd C"]
[Site "Assen, Netherlands"]
[Date "2018.05.05"]
[Round "9.5"]
[White "Klaren, Duncan"]
[Black "Bleeker, Kasper"]
[Result "1/2-1/2"]
[TimeControl "40/90m+30sec/move"]
[WhiteElo "1713"]
[BlackElo "1737"]

1. e4 e5 2. Nf3 Nc6 3. Bc4 Nf6 4. d3 d6 5. c3 Na5 6. Nbd2 Nxc4 7. Nxc4 Be6 8. Ne3 Be7 9. O-O O-O 10.
Qc2 Ng4 11. d4 f5 12. exf5 Nxe3 13. Bxe3 Bxf5 14. Qb3+ Kh8 15. dxe5 Bg4 16. Nd4 dxe5 17. Ne6 Bxe6 18. Qxe6 Bd6 19.
Qc4 Qf6 20. Qe4 b6 21. Rae1 Rad8 22. g3 Qe6 1/2-1/2

[Event "NJSK 2018 Jeugd C"]
[Site "Assen, Netherlands"]
[Date "2018.05.05"]
[Round "9.6"]
[White "Albers, Sasa"]
[Black "Labruyere, Roger"]
[Result "0-1"]
[TimeControl "40/90m+30sec/move"]
[WhiteElo "1336"]
[BlackElo "1665"]

1. e4 c6 2. d4 d5 3. exd5 cxd5 4. Bd3 Nf6 5. h3 Nc6 6. c3 e5 7. dxe5 Nxe5 8. Qe2 Qe7 9. Be3 Nxd3+ 10. Qxd3 g6 11. Nf3 Bg7 12. O-O O-O 13. Nd4 Ne4 14. Nd2 Nc5 15. Qb5 Bd7 16. Nf5 Qxe3 17. Qxd7 Qxd2 18. Ne7+ Kh8 19.
Qc7 b6 20. Rab1 Ne6 21. Qc6 d4 22. c4 Qg5 23. Nd5 Nf4 24. Nxf4 Qxf4 25. b3 Be5 26. g3 Qf6 27. Qe4 Kg7 28.
Rbd1 Rfe8 29. Qd3 Rad8 30. Rd2 h5 31. h4 Qd6 32. Kg2 Rc8 33. Rh1 b5 34. cxb5 Rc3 35. Qe4 Bxg3 36. Qxe8 Qd5+ 37.
Kf1 Rc1+ 38. Ke2 Qxh1 39. Kd3 Qf3+ 40. Kxd4 Bxf2+ 0-1

[Event "NJSK 2018 Jeugd C"]
[Site "Assen, Netherlands"]
[Date "2018.05.05"]
[Round "9.7"]
[White "Van der Schaaf, Tristan"]
[Black "Roebers, Eline"]
[Result "1/2-1/2"]
[TimeControl "40/90m+30sec/move"]
[WhiteElo "1647"]
[BlackElo "1961"]

1. d4 Nf6 2. c4 g6 3. f3 Bg7 4. e4 d6 5. Be3 O-O 6. Ne2 Nbd7 7. Qd2 c5 8. d5 a6 9. Ng3 h5 10.
Bg5 Re8 11. Be2 Qb6 12. Nc3 Ne5 13. f4 Ned7 14. O-O Nh7 15. Bh4 Rb8 16. a4 a5 17. Nb5 Nhf6 18. Bd3 Bh6 19. Qf2 Qd8 20.
Rae1 Rf8 21. h3 Ne8 22. Bc2 f6 23. Qf3 Ng7 24. Ne2 g5 25. Bg3 h4 26. Bh2 Ra8 27. f5 Kh7 1/2-1/2